AoeStats
← NPG | Shimishi Maki

Arabia

509696122Analyzed
4v4 RM · 4d ago on Sep 27, 2026· 40m 17s· 8 players
Game mode
Random Map
Map size
Large (8 player)
Population
200
Speed
Normal
Resources
Standard
Victory
Conquest
Starting age
Dark Age
Ending age
Imperial Age
RankedLock teamsTeams togetherTeam positionsShared explorationLock speedFull tech treeHidden civsTurbo modeCheats
Victory
Defeat
1708
+15
🇨🇱 Spanish · Chile
1707
+15
🇨🇱 Bohemians · Chile
1535
+22
🇨🇱 Vietnamese · Chile
1462
+24
🇹🇼 Varangians · Taiwan
1705
-20
🇹🇼 Maya · Taiwan
1687
-20
🇹🇼 Ethiopians · Taiwan
1654
-18
🇹🇼 Franks · Taiwan
1642
-18
NPG | El Compadre
9:44 Feudal Age
9:34 Loom
10:04 Man-at-Arms
11:19 Double-Bit Axe
16:12 Horse Collar
17:44 Fletching
20:17 Padded Archer Armor
25:08 Castle Age
25:01 Wheelbarrow
25:54 Bodkin Arrow
25:24 Crossbowman
26:24 Bow Saw
28:03 Ballistics
28:27 Fervor
31:04 Chemistry
31:21 Sanctity
35:05 Heavy Plow
35:40 Caravan
36:44 Hand Cart
Manu CL
5:34 Loom
9:52 Feudal Age
10:24 Double-Bit Axe
15:54 Fletching
22:32 Padded Archer Armor
26:04 Wheelbarrow
29:40 Castle Age
29:09 Gold Mining
30:30 Crossbowman
31:26 Bodkin Arrow
32:11 Horse Collar
34:13 Ballistics
34:57 Leather Archer Armor
Dkastro
6:23 Loom
8:55 Feudal Age
9:26 Double-Bit Axe
9:42 Horse Collar
16:02 Fletching
16:27 Forging
18:50 Bloodlines
19:35 Wheelbarrow
19:30 Scale Barding Armor
22:46 Castle Age
23:39 Bow Saw
23:00 Light Cavalry
23:40 Husbandry
24:20 Chain Barding Armor
26:35 Gold Mining
28:27 Hand Cart
31:15 Iron Casting
30:58 Town Watch
37:02 Heavy Plow
NPG | Shimishi Maki
6:53 Loom
9:09 Feudal Age
9:56 Double-Bit Axe
10:05 Horse Collar
16:35 Scale Barding Armor
17:40 Forging
22:27 Castle Age
20:41 Gold Mining
22:01 Bloodlines
23:25 Wheelbarrow
23:12 Husbandry
23:33 Chain Barding Armor
23:24 Bow Saw
24:16 Heavy Plow
29:32 Town Watch
30:24 Hand Cart
32:30 Iron Casting
37:10 Imperial Age
35:54 Gold Shaft Mining
35:09 Stone Mining
38:02 Coinage
38:32 Plate Barding Armor
37:20 Heavy Camel Rider
38:26 Conscription
39:27 Grand Trunk Road
41:37 Blast Furnace
40:03 Imperial Camel Rider
暴陽
0:25 Loom
8:47 Feudal Age
13:58 Double-Bit Axe
23:00 Castle Age
22:14 Fletching
22:17 Gold Mining
22:08 Horse Collar
23:54 Bow Saw
24:07 Bodkin Arrow
25:33 Padded Archer Armor
30:48 Leather Archer Armor
31:17 Ballistics
32:45 Town Watch
33:35 Wheelbarrow
38:45 Imperial Age
39:29 Bracer
皮眼派對
5:34 Loom
9:16 Feudal Age
10:25 Double-Bit Axe
13:59 Bloodlines
18:47 Scale Barding Armor
19:49 Wheelbarrow
21:17 Forging
22:29 Horse Collar
27:00 Castle Age
25:29 Gold Mining
27:01 Light Cavalry
28:10 Chain Barding Armor
32:28 Husbandry
40:18 Bow Saw
EliteJaguarWarrior
9:26 Feudal Age
7:45 Loom
9:58 Double-Bit Axe
16:42 Scale Barding Armor
17:49 Forging
18:57 Wheelbarrow
25:01 Castle Age
23:31 Gold Mining
25:48 Husbandry
26:14 Chain Barding Armor
26:05 Bow Saw
39:04 Hand Cart
43:20 Imperial Age
[SST]_COCO
7:20 Loom
9:58 Feudal Age
12:19 Fletching
23:10 Castle Age
21:41 Gold Mining
22:32 Double-Bit Axe
23:22 Scale Barding Armor
23:19 Crossbowman
23:55 Bodkin Arrow
24:13 Horse Collar
26:24 Ballistics
28:06 Thumb Ring
39:38 Wheelbarrow
42:43 Imperial Age
Connection lost

Rejoining the realm…

Still unreachable

The connection could not be restored.

Session expired

The server has moved on; the page needs a fresh start.